AoeStats
← leofim11

Arena

508770422Analyzed
2v2 RM · 8d ago on Sep 24, 2026· 34m 39s· 4 players
Game mode
Random Map
Map size
Medium (4 player)
Population
200
Speed
Normal
Resources
Standard
Victory
Conquest
Starting age
Dark Age
Ending age
Imperial Age
RankedLock teamsTeams togetherTeam positionsShared explorationLock speedFull tech treeHidden civsTurbo modeCheats
Victory
Defeat
🇨🇱 Spanish · Chile
918
+10
🇨🇱 Danes · Chile
903
+11
🇺🇸 Teutons · United States
830
-12
🇮🇪 Portuguese · Ireland
736
-9
leofim11
5:14 Loom
11:13 Feudal Age
12:26 Double-Bit Axe
12:23 Horse Collar
12:37 Stone Mining
12:44 Gold Mining
14:07 Wheelbarrow
18:09 Town Watch
22:17 Castle Age
21:17 Fletching
21:27 Padded Archer Armor
23:42 Town Patrol
24:47 Forging
24:37 Scale Mail Armor
27:56 Elite Skirmisher
29:30 Heavy Plow
30:22 Bow Saw
YaLittle-
10:12 Feudal Age
10:40 Double-Bit Axe
10:39 Horse Collar
17:24 Gold Mining
18:24 Wheelbarrow
21:06 Castle Age
20:02 Stone Mining
21:55 Forging
23:35 Iron Casting
24:10 Fletching
25:43 Scale Barding Armor
27:55 Bloodlines
32:46 Imperial Age
31:41 Fortified Wall
33:40 Loom
CristianBastias
7:54 Loom
10:11 Feudal Age
15:47 Castle Age
14:15 Stone Mining
17:12 Squires
23:32 Horse Collar
25:10 Double-Bit Axe
26:29 Pikeman
30:44 Wheelbarrow
34:54 Fletching
Codicia01
4:33 Loom
10:51 Feudal Age
15:33 Castle Age
14:30 Double-Bit Axe
15:23 Wheelbarrow
15:26 Forging
15:30 Horse Collar
15:53 Town Watch
18:21 Squires
18:31 Arson
22:10 Bow Saw
22:31 Gold Mining
25:36 Iron Casting
25:01 Scale Mail Armor
25:52 Heavy Plow
26:18 Gambesons
29:36 Chain Mail Armor
33:45 Hand Cart
33:32 Town Patrol
37:46 Imperial Age
Connection lost

Rejoining the realm…

Still unreachable

The connection could not be restored.

Session expired

The server has moved on; the page needs a fresh start.